 Dungeon Crawl Stone Soup version 0.30-a0-55-g90e3122c3a (webtiles) character file.

Game seed: 15956349889842799267

328484 jlumianski the Executioner (level 20, -2/158 HPs)
             Began as a Demonspawn Gladiator on Sept 9, 2022.
             Was the Champion of Qazlal.
             Splashed by a caustic shrike's acid (10 damage)
             ... on level 15 of the Dungeon.
             The game lasted 05:18:03 (50949 turns).

jlumianski the Executioner (Demonspawn Gladiator)  Turns: 50949, Time: 05:18:04

Health: -2/158     AC: 18    Str: 21    XL:     20   Next: 80%
Magic:  33/33      EV: 11    Int:  5    God:    Qazlal [******]
Gold:   1578       SH: 13    Dex: 25    Spells: 19/19 levels left

rFire   + + +      SeeInvis .    s - +3 executioner's axe "Noanuufi" {vorpal, rElec rF+++ Int-5}
rCold   + . .      Faith    .    (shield currently unavailable)
rNeg    . . .      Spirit   .    j - +4 plate armour {rC+}
rPois   +          Reflect  +    m - +2 hat
rElec   +          Harm     .    V - +1 cloak of Ghostly Wonder {rPois}
rCorr   .          Rampage  .    (gloves unavailable)
Will    +....                    l - +2 pair of boots
Stlth   +.........               y - amulet of the Princess {Reflect Dex+2 SH+5}
HPRegen 0.36/turn                W - +4 ring of protection
MPRegen 0.23/turn                M - ring of protection from fire

@: corroded, repel missiles
A: claws 3, thin skeletal structure 3, powered by death 2, spiny 2, augmentation
3, hooves 1, mutation resistance 1
}: 2/15 runes: serpentine, barnacled
a: Renounce Religion, Upheaval, Elemental Force, Disaster Area


You were on level 15 of the Dungeon.
You worshipped Qazlal.
Qazlal was exalted by your worship.
You visited 8 branches of the dungeon, and saw 37 of its levels.
You visited the Abyss 1 time.
You also visited: Bailey, Ice Cave and Volcano.

You collected 4521 gold pieces.
You spent 2943 gold pieces at shops.

Inventory:

Hand Weapons
 s - the +3 executioner's axe "Noanuufi" (weapon) {vorpal, rElec rF+++ Int-5}
   (You acquired it in a bailey)

   It inflicts extra damage upon your enemies.
   Int:       It affects your intelligence (-5).
   rF:        It renders you almost immune to fire.
   rElec:     It insulates you from electricity.
 A - a +0 broad axe of flaming
Missiles
 d - 14 throwing nets
 k - 81 poisoned darts
 q - 14 atropa-tipped darts
 B - 11 silver javelins
 G - 65 boomerangs (quivered)
Armour
 j - a +4 plate armour of cold resistance (worn)
 l - a +2 pair of boots (worn)
 m - a +2 hat (worn)
 V - the +1 cloak of Ghostly Wonder (worn) {rPois}
   (You bought it in a shop on level 2 of the Orcish Mines)

   rPois:     It protects you from poison.
Jewellery
 i - a ring of see invisible
 y - the amulet of the Princess (around neck) {Reflect Dex+2 SH+5}
   (You took it off a deep elf pyromancer on level 12 of the Dungeon)

   [amulet of reflection]

   It reflects blocked missile attacks.
   Dex:       It affects your dexterity (+2).
   SH:        It affects your SH (+5).
 F - a ring of positive energy
 L - a ring of protection from cold
 M - a ring of protection from fire (right claw)
 P - a +4 ring of evasion
 W - a +4 ring of protection (left claw)
Wands
 c - a wand of charming (33)
 n - a wand of mindburst (4)
 H - a wand of quicksilver (18)
 I - a wand of roots (28)
Scrolls
 f - 3 scrolls of summoning
 u - 18 scrolls of teleportation
 v - 21 scrolls of identify
 w - 8 scrolls of poison
 x - 5 scrolls of fear
 z - 2 scrolls of magic mapping
 O - 7 scrolls of butterflies
 S - a scroll of silence
Potions
 b - 3 potions of might
 g - 2 potions of invisibility
 h - a potion of berserk rage
 r - 13 potions of curing
 t - 4 potions of flight
 D - 5 potions of resistance
 N - a potion of heal wounds
 R - 9 potions of haste
Miscellaneous
 e - a box of beasts
 C - a condenser vane
 E - a tin of tremorstones (2/2)
 T - a phantom mirror


   Skills:
 + Level 13.9 Fighting
 + Level 21.7 Axes
 + Level 3.5 Throwing
 * Level 16.7 Armour
 + Level 4.9 Dodging
 - Level 3.4 Stealth
 + Level 10.8 Shields
 * Level 19.7 Invocations
 * Level 15.3 Evocations


You had 19 spell levels left.
You didn't know any spells.
Your spell library contained the following spells:

 Spells                   Type           Power      Damage    Failure   Level
 Foxfire                  Conj/Fire      0%         2x1d4     99%         1
 Magic Dart               Conj           0%         1d3       99%         1
 Sandblast                Erth           0%         2d4       99%         1
 Sting                    Tmut/Pois      0%         1d3       99%         1
 Call Imp                 Summ           0%         N/A       100%        2
 Ensorcelled Hibernation  Hex/Ice        0%         N/A       100%        2
 Passwall                 Tmut/Erth      0%         N/A       100%        2
 Poisonous Vapours        Pois/Air       0%         N/A       100%        2
 Scorch                   Fire           0%         2d5       100%        2
 Searing Ray              Conj           0%         2d4       100%        2
 Call Canine Familiar     Summ           0%         N/A       100%        3
 Conjure Flame            Conj/Fire      0%         6-21      100%        3
 Dazzling Flash           Conj/Hex       0%         N/A       100%        3
 Gell's Gravitas          Tloc           0%         N/A       100%        3
 Ignite Poison            Fire/Tmut/Pois 0%         N/A       100%        3
 Inner Flame              Hex/Fire       0%         N/A       100%        3
 Mephitic Cloud           Conj/Pois/Air  0%         N/A       100%        3
 Portal Projectile        Hex/Tloc       0%         N/A       100%        3
 Stone Arrow              Conj/Erth      0%         3d7       100%        3
 Swiftness                Air            0%         N/A       100%        3
 Teleport Other           Tloc           0%         N/A       100%        3
 Anguish                  Hex/Necr       0%         N/A       100%        4
 Animate Dead             Necr           0%         N/A       100%        4
 Flame Wave               Conj/Fire      0%         2d4       100%        4
 Fulminant Prism          Conj/Hex       0%         3d6       100%        4
 Hailstorm                Conj/Ice       0%         3d3       100%        4
 Ice Form                 Ice/Tmut       0%         N/A       100%        4
 Iskenderun's Mystic Bla  Conj/Tloc      0%         2d3       100%        4
 Leda's Liquefaction      Hex/Erth       0%         N/A       100%        4
 Olgreb's Toxic Radiance  Pois           0%         N/A       100%        4
 Sticky Flame             Conj/Fire      0%         2d3       100%        4
 Agony                    Necr           0%         N/A       100%        5
 Borgnjor's Vile Clutch   Necr/Erth      0%         N/A       100%        5
 Fireball                 Conj/Fire      0%         3d3       100%        5
 Freezing Cloud           Conj/Ice/Air   0%         6-21      100%        5
 Silence                  Hex/Air        0%         N/A       100%        5
 Summon Forest            Summ/Tloc      0%         N/A       100%        5
 Yara's Violent Unravell  Hex/Tmut       0%         3d3       100%        5
 Death Channel            Necr           0%         N/A       100%        6
 Dispersal                Tloc           0%         N/A       100%        6
 Eringya's Noxious Bog    Tmut/Pois      0%         N/A       100%        6
 Simulacrum               Ice/Necr       0%         N/A       100%        6
 Starburst                Conj/Fire      0%         6d3       100%        6
 Summon Cactus Giant      Summ           0%         N/A       100%        6
 Summon Hydra             Summ           0%         N/A       100%        7
 Disjunction              Tloc           0%         N/A       100%        8
 Ignition                 Fire           0%         3d3       100%        8
 Polar Vortex             Ice            0%         N/A       100%        9


Dungeon Overview and Level Annotations

Branches:
Dungeon (15/15)            Temple (1/1) D:4            Lair (5/5) D:8
 Shoals (4/4) Lair:2        Snake (4/4) Lair:3        Slime (0/5) Lair:4
    Orc (2/2) D:9             Elf (0/3) Orc:2        Vaults (5/5) D:13
  Crypt (0/3) Vaults:3     Depths (1/4) D:15         Bailey (visited)
  IceCv (visited)         Volcano (visited)

Altars:
Ashenzari
Cheibriados
Dithmenos
Fedhas
Gozag
Hepliaklqana
Kikubaaqudgha
Makhleb
Nemelex Xobeh
Okawaru
Qazlal
Ru
Sif Muna
Trog
Uskayaw
Vehumet
Wu Jian
Xom
Yredelemnul
Jiyva

Shops:
D:7 :=:   D:9 ?   D:14 *   Orc:2 [(*(   Snake:1 ?   Snake:2 [?*[(   Snake:3 *
Vaults:3 !

Portals:
Trove: Vaults:2 (give ring "Voyleoje")

Annotations:
Lair:4 1 runed translucent door
Depths:1 1 runed translucent door


Innate Abilities, Weirdness & Mutations

You have claws for hands.
You have an unnaturally thin skeletal structure. (Dex +6, Stealth+++)
You regenerate health from kills.
You are mostly covered in sharp spines.
Your magical and physical power is greatly enhanced at high health.
You have large cloven feet.
You are somewhat resistant to further mutation.


Message History

You hear a screech!
You hear a screech!
A caustic shrike comes into view.
You hear a screech!
There is a staircase back to the Dungeon, spattered with blood here.
The caustic shrike claws you. The acid corrodes you!
You are splashed with acid!
The caustic shrike claws you! The acid corrodes you!
You are splashed with acid!
You climb upwards.
Welcome back to the Dungeon!
There is a staircase to the Depths, spattered with blood here.
You slash the caustic shrike!
The caustic shrike is moderately wounded.
The caustic shrike is struck by your spines.
The caustic shrike claws you but does no damage.
You hit the caustic shrike.
The caustic shrike is moderately wounded.
The caustic shrike closely misses you. The caustic shrike claws you!
The acid corrodes you!
You are splashed with acid!
You barely miss the caustic shrike.
The caustic shrike is moderately wounded.
The caustic shrike claws you!
You are splashed with acid!
The caustic shrike is struck by your spines.
The caustic shrike claws you! The acid corrodes you!
You are splashed with acid.
You closely miss the caustic shrike.
The caustic shrike is heavily wounded.
The caustic shrike claws you!
You are splashed with acid.
* * * LOW HITPOINT WARNING * * *
You miss the caustic shrike.
The caustic shrike is heavily wounded.
The caustic shrike is struck by your spines.
The caustic shrike claws you!!
* * * LOW HITPOINT WARNING * * *
The acid corrodes you!
You are splashed with acid!
* * * LOW HITPOINT WARNING * * *
The caustic shrike is struck by your spines.
The caustic shrike claws you.
* * * LOW HITPOINT WARNING * * *
You are splashed with acid!
You die...

# ###.####
###########......#####
...............8..8..##
.................8....##
##########..........P..#
#....8........##
#.....○....88..###
##.....b[[§.....).###
#.....§[@[......#...###
#...8.8°○○.....###)z..###
##...8..○..§..P.#
###....#
#..........8....# ###...
#.#8............# ###.
##.##.P........8## #.
#..###.......P.## #^
##.## ###...##### ## #..#
##.## #.


You could see a caustic shrike.

Vanquished Creatures
  Mara (Shoals:4)
  Vashnia (Snake:4)
  A bone dragon (Vaults:3)
  Asterion (D:15)
  2 sphinxes
  2 krakens
  A tengu reaver (Vaults:4)
  A tentacled starspawn (Abyss:2)
  Donald (Snake:1)
  7 nagarajas
  2 fire giants
  A frost giant (D:15)
  Aizul (Snake:1)
  3 vault wardens
  4 orc warlords
  Louise (D:15)
  A juggernaut zombie (Depths:1)
  13 ironbound preservers
  2 war gargoyles
  11 ironbound thunderhulks
  7 very ugly things
  26 dire elephants
  2 entropy weavers
  3 ettins
  6 merfolk impalers
  4 merfolk javelineers
  3 crystal guardians
  5 great orbs of eyes
  9 yaktaur captains
  4 ice dragons
  Erolcha (D:9)
  2 rakshasas (Depths:1)
  2 vault guards (Vaults:1)
  4 peacekeepers
  3 hydras
  A caustic shrike simulacrum (IceCv)
  An ogre mage (Vaults:4)
  7 ironbound frosthearts
  2 salamander tyrants
  4 boulder beetles
  11 anacondas
  2 satyrs (Shoals:2)
  An alligator snapping turtle (Shoals:3)
  A catoblepas (Lair:1)
  5 merfolk avatars
  11 naga warriors
  8 two-headed ogres
  17 centaur warriors
  A two-headed ogre (shapeshifter) (D:15)
  5 merfolk aquamancers
  2 tengu warriors
  A death yak (Lair:4)
  A deep troll earth mage (D:15)
  An orc high priest (Orc:1)
  6 shock serpents
  2 deep troll shamans
  A thrashing horror (Abyss:2)
  Nergalle (Lair:2)
  14 naga sharpshooters
  2 iron trolls (Depths:1)
  3 spectral death yaks (Lair:5)
  5 salamander mystics
  4 skeletal warriors
  16 sea snakes
  A spectral anaconda (Lair:5)
  51 deep trolls
  A deep troll (shapeshifter) (D:13)
  7 naga ritualists
  A glowing orange brain (Vaults:4)
  Pikel (D:5)
  A bog body (IceCv)
  3 spriggan simulacra (IceCv)
  9 lindwurms
  A kraken simulacrum (Shoals:4)
  2 obsidian statues
  3 wizards
  8 ironbound convokers
  2 deep elf pyromancers
  5 phantasmal warriors
  14 harpies
  14 mana vipers
  5 orc sorcerers
  13 orc knights
  A tengu skeleton (D:15)
  7 necromancers
  A fire giant zombie (Vaults:4)
  A shadow dragon skeleton (Depths:1)
  14 ugly things
  A wolf spider (D:10)
  11 manticores
  12 fauns
  3 oklob plants
  6 cyclopes
  An iron dragon skeleton (D:15)
  A worldbinder (Abyss:2)
  9 salamanders
  8 merfolk sirens
  20 black mambas
  5 water nymphs
  A moth of wrath (shapeshifter) (D:13)
  A molten gargoyle (Volcano)
  16 elephants
  13 vault sentinels
  An apocalypse crab (Abyss:2)
  15 naga magi
  6 guardian serpents
  A gargoyle (D:11)
  10 cane toads
  A smoke demon (Volcano)
  A torpor snail (Lair:1)
  An unseen horror (D:9)
  2 kobold demonologists
  3 rime drakes
  6 komodo dragons
  An anaconda simulacrum (IceCv)
  11 freezing wraiths
  20 yaktaurs
  A spriggan skeleton (Depths:1)
  A red devil (Volcano)
  A golden dragon simulacrum (IceCv)
  2 ice devils (IceCv)
  3 tengu conjurers
  A spectral naga (Snake:2)
  6 polar bears
  3 meliai (D:14)
  A hornet (D:8)
  8 trolls
  A human skeleton (Vaults:4)
  33 merfolk
  12 wind drakes
  7 blink frogs
  27 slime creatures
  Prince Ribbit (D:6)
  An ettin zombie (Vaults:4)
  8 snapping turtles
  A spectral elephant (Lair:5)
  Sigmund (D:2)
  4 shadows
  A vampire (D:12)
  2 dire elephant simulacra (IceCv)
  3 wraiths (D:12)
  16 water elementals
  49 yaks
  10 basilisks
  6 fire bats (Volcano)
  3 wyverns
  3 redbacks
  7 minotaur simulacra (IceCv)
  A death yak simulacrum (Lair:5)
  A steam dragon (D:8)
  6 vampire mosquitoes
  A neqoxec (Abyss:2)
  An unseen horror simulacrum (D:9)
  52 nagas
  4 spectral cane toads (Lair:5)
  4 wargs
  Edmund (D:5)
  14 water moccasins
  A small abomination (Abyss:2)
  A hell hound (Volcano)
  A glowing shapeshifter skeleton (D:15)
  49 orc warriors
  A meliai simulacrum (D:14)
  An elephant zombie (Lair:5)
  A swamp drake (D:9)
  A sky beast (D:8)
  5 black bears
  A floating eye zombie (D:15)
  An ice beast (D:9)
  7 wolves
  8 boggarts (Vaults:2)
  A human zombie (Vaults:4)
  10 ogres
  9 centaurs
  An elephant skeleton (Lair:5)
  6 kobold brigands
  13 bullfrogs
  7 scorpions
  A necrophage (D:5)
  2 deep troll simulacra (IceCv)
  13 wights
  A lindwurm simulacrum (IceCv)
  2 elephant simulacra (Lair:5)
  An electric eel (Lair:2)
  7 howler monkeys
  4 lava snakes (Volcano)
  A crimson imp (Abyss:2)
  3 hounds
  A gnoll bouda (D:4)
  19 orc priests
  30 orc wizards
  Ijyb (D:5)
  Natasha (D:2)
  2 iguanas
  A statue (D:11)
  A centaur simulacrum (D:9)
  19 gnolls
  10 adders
  A shadow imp (D:7)
  7 white imps
  A howler monkey simulacrum (D:9)
  3 ufetubi (D:9)
  A worm (D:2)
  A dart slug (D:5)
  123 orcs
  6 bats
  8 endoplasms
  2 giant cockroaches
  16 goblins
  9 hobgoblins
  38 kobolds
  4 quokkas
  5 ball pythons
  6 frilled lizards
  4 rats
  4 starspawn tentacles (Abyss:2)
  7 tentacles
1426 creatures vanquished.

Vanquished Creatures (collateral kills)
  The ghost of Maeg the Wrestler, an adept TrMo of Jiyva (Snake:1)
  The ghost of Eweu the Fighter, an adept DjFE of Gozag (D:14)
  A vault warden (Vaults:4)
  An orc warlord (Orc:2)
  A very ugly thing (D:15)
  2 reapers (IceCv)
  A merfolk impaler (Shoals:3)
  A fire dragon (D:15)
  A naga warrior (Snake:1)
  A naga sharpshooter (Snake:4)
  A spectral death yak (Lair:5)
  A salamander mystic (Snake:4)
  A skeletal warrior (D:12)
  2 deep trolls (Vaults:2)
  A glowing orange brain (Vaults:3)
  2 fauns (Shoals:3)
  3 merfolk sirens
  A yaktaur (Vaults:2)
  2 merfolk
  6 nagas (Snake:4)
  A boggart (Vaults:2)
  A deep troll simulacrum (IceCv)
33 creatures vanquished.

Vanquished Creatures (others)
  A merfolk (Lair:2)
  An orc (Orc:2)
  63 fungi
  180 plants
  3 starspawn tentacles (Abyss:2)
  16 tentacles
  37 withered plants
301 creatures vanquished.

Grand Total: 1760 creatures vanquished

Notes
Turn   | Place    | Note
-------+----------+-------------------------------------------
     0 | D:1      | jlumianski the Demonspawn Gladiator began the quest for the
                  | Orb.
     0 | D:1      | Reached XP level 1. HP: 16/16 MP: 1/1
   311 | D:1      | Reached skill level 3 in Axes
   329 | D:1      | Gained mutation: You have a somewhat thin skeletal
                  | structure. (Dex +2, Stealth+) [demonic ancestry]
   329 | D:1      | Reached XP level 2. HP: 18/22 MP: 2/2
   834 | D:2      | Found a faded altar of an unknown god.
   873 | D:2      | Reached XP level 3. HP: 24/27 MP: 3/3
  1123 | D:2      | Noticed Sigmund
  1133 | D:2      | Killed Sigmund
  1134 | D:2      | Reached skill level 4 in Axes
  1134 | D:2      | Reached skill level 1 in Armour
  1134 | D:2      | Gained mutation: You regenerate a little health from kills.
                  | [demonic ancestry]
  1134 | D:2      | Reached XP level 4. HP: 26/33 MP: 4/4
  1134 | D:2      | Reached XP level 5. HP: 29/38 MP: 5/5
  1293 | D:2      | Gained mutation: You have a moderately thin skeletal
                  | structure. (Dex +4, Stealth++) [demonic ancestry]
  1293 | D:2      | Reached XP level 6. HP: 30/44 MP: 6/6
  1788 | D:2      | Noticed Natasha
  1794 | D:2      | Killed Natasha
  2877 | D:4      | Found a staircase to the Ecumenical Temple.
  2886 | Temple   | Entered the Ecumenical Temple
  2989 | D:3      | Reached skill level 5 in Axes
  3091 | D:3      | Gained mutation: You regenerate health from kills. [demonic
                  | ancestry]
  3091 | D:3      | Reached XP level 7. HP: 50/51 MP: 7/7
  3175 | D:5      | Entered Level 5 of the Dungeon
  3376 | D:5      | Found a shadowy altar of Dithmenos.
  3376 | D:5      | Found a shimmering blue altar of Sif Muna.
  3391 | D:5      | Found a hazy altar of Hepliaklqana.
  3570 | D:4      | Found a stormy altar of Qazlal.
  3574 | D:4      | Became a worshipper of Qazlal Stormbringer
  4065 | D:4      | Reached skill level 6 in Axes
  4892 | D:5      | Reached XP level 8. HP: 60/60 MP: 8/8
  4989 | D:5      | Identified the +9 short sword of Reyvvonu {flame, rElec rF+
                  | rC+ Will-}
  5018 | D:5      | Noticed Ijyb
  5024 | D:5      | Reached * piety under Qazlal
  5037 | D:5      | Killed Ijyb
  5068 | D:5      | Reached skill level 7 in Axes
  5068 | D:5      | Reached skill level 1 in Invocations
  5355 | D:5      | Noticed Edmund
  5379 | D:5      | Killed Edmund
  5380 | D:5      | Reached skill level 1 in Evocations
  5778 | D:6      | HP: 2/60 [something (7)]
  6062 | D:6      | Noticed Prince Ribbit
  6088 | D:6      | Killed Prince Ribbit
  6089 | D:6      | Gained mutation: You have an unnaturally thin skeletal
                  | structure. (Dex +6, Stealth+++) [demonic ancestry]
  6089 | D:6      | Reached XP level 9. HP: 37/66 MP: 5/11
  6105 | D:6      | Noticed Pikel
  6124 | D:5      | Killed Pikel
  6125 | D:5      | Reached skill level 8 in Axes
  6345 | D:7      | Gained mutation: You are partially covered in large bone
                  | plates. (SH +4) [potion of mutation]
  6345 | D:7      | Gained mutation: You have large cloven feet. [potion of
                  | mutation]
  6345 | D:7      | Lost mutation: You have large cloven feet. [potion of
                  | mutation]
  6376 | D:7      | Found a flagged portal.
  6406 | Bailey   | Entered a bailey
  6563 | Bailey   | Noticed an orc knight
  6579 | Bailey   | Killed an orc knight
  6778 | Bailey   | Reached ** piety under Qazlal
  6806 | Bailey   | Reached skill level 5 in Fighting
  6806 | Bailey   | Reached skill level 1 in Shields
  6806 | Bailey   | Reached skill level 5 in Invocations
  6967 | Bailey   | Noticed an orc knight
  6990 | Bailey   | Killed an orc knight
  6991 | Bailey   | Reached skill level 5 in Armour
  6991 | Bailey   | Gained mutation: You are partially covered in sharp spines.
                  | [demonic ancestry]
  6991 | Bailey   | Reached XP level 10. HP: 33/74 MP: 4/14
  6991 | Bailey   | Noticed an orc warlord
  7021 | Bailey   | Killed an orc warlord
  7022 | Bailey   | Reached skill level 9 in Axes
  7152 | Bailey   | Reached skill level 5 in Evocations
  7189 | Bailey   | Noticed an orc knight
  7206 | Bailey   | Killed an orc knight
  7489 | Bailey   | Acquired the +3 executioner's axe "Noanuufi" {vorpal, rElec
                  | rF+++ Int-5}
  7727 | D:7      | Found Nitiageph's Book Emporium.
  7880 | D:7      | Found an iron altar of Okawaru.
  7880 | D:7      | Found a burning altar of Makhleb.
  7982 | D:7      | Found Hesuirgha's Jewellery Shoppe.
  8023 | D:7      | Found Runulit's Book Shop.
  8049 | D:7      | Found a broken altar of Ashenzari.
  8192 | D:8      | Reached *** piety under Qazlal
  8210 | D:8      | Reached skill level 10 in Axes
  8291 | D:8      | Gained mutation: You have sharp fingernails. [demonic
                  | ancestry]
  8291 | D:8      | Reached XP level 11. HP: 65/81 MP: 16/16
  8311 | D:8      | Found a staircase to the Lair.
  8529 | D:8      | Found an ornate altar of the Wu Jian Council.
  8774 | D:9      | Reached **** piety under Qazlal
  8953 | D:9      | Noticed Erolcha
  8979 | D:9      | Reached skill level 11 in Axes
  9064 | D:9      | Noticed a two-headed ogre
  9072 | D:9      | Killed a two-headed ogre
  9303 | D:9      | Killed Erolcha
  9498 | D:9      | Found Xeusig's Magic Scroll Shop.
  9506 | D:9      | Bought a scroll of magic mapping for 105 gold pieces
  9559 | D:9      | Noticed a boulder beetle
  9576 | D:9      | Identified the +0 animal skin "Oqaq" {*Corrode rF+ Str+3
                  | Int+7 Slay+3}
  9592 | D:9      | Reached ***** piety under Qazlal
  9620 | D:9      | Found a staircase to the Orcish Mines.
  9811 | D:10     | Entered Level 10 of the Dungeon
  9858 | D:10     | Noticed a wolf spider
  9863 | D:10     | Killed a wolf spider
 10349 | D:10     | Gained mutation: You have very sharp fingernails. [demonic
                  | ancestry]
 10349 | D:10     | Reached XP level 12. HP: 79/91 MP: 18/18
 11128 | D:11     | Noticed a two-headed ogre
 11132 | D:11     | Killed a two-headed ogre
 11190 | D:11     | Found a radiant altar of Vehumet.
 11572 | D:11     | Noticed a four-headed hydra
 11579 | D:11     | Killed a four-headed hydra
 11580 | D:11     | Reached skill level 12 in Axes
 12200 | D:12     | Reached skill level 10 in Invocations
 12247 | D:12     | Noticed a two-headed ogre
 12258 | D:12     | Killed a two-headed ogre
 12381 | D:12     | Noticed a boulder beetle
 12407 | D:12     | Killed a boulder beetle
 13015 | D:12     | Identified the amulet of the Princess {Reflect Dex+2 SH+5}
 13054 | D:12     | Noticed a two-headed ogre
 13161 | D:12     | Killed a two-headed ogre
 13162 | D:12     | Reached XP level 13. HP: 79/98 MP: 21/21
 13230 | D:12     | Identified the +5 dagger "Kaneudgha" {elec, rPois Str+3
                  | Stlth+}
 13485 | Orc:1    | Entered Level 1 of the Orcish Mines
 13621 | D:7      | Bought a manual of Axes for 960 gold pieces
 13675 | Orc:2    | Entered Level 2 of the Orcish Mines
 13675 | Orc:2    | Found a staircase to the Elven Halls.
 13770 | Orc:2    | Reached skill level 13 in Axes
 14078 | Orc:2    | Noticed an orc warlord
 14353 | Orc:1    | Killed an orc warlord
 14578 | Orc:2    | Found Meimuuf's Weapon Shop.
 14866 | Orc:2    | Found Wowued Xeje's Antique Armour Emporium.
 14876 | Orc:2    | Found Osaci's Antique Weapon Shoppe.
 14935 | Orc:2    | Found a shimmering altar of Xom.
 14999 | Orc:2    | Found Mupeesm's General Store.
 15007 | Orc:2    | Bought 2 potions of heal wounds for 170 gold pieces
 15007 | Orc:2    | Bought a potion of heal wounds for 85 gold pieces
 15007 | Orc:2    | Bought a scroll of silence for 161 gold pieces
 15262 | Orc:1    | Noticed an orc warlord
 15298 | Orc:2    | Killed an orc warlord
 15299 | Orc:2    | Reached skill level 14 in Axes
 15774 | Lair:1   | Entered Level 1 of the Lair of Beasts
 15900 | Orc:2    | Bought an ichor-stained cloak for 313 gold pieces
 15900 | Orc:2    | Identified the +1 cloak of Ghostly Wonder {rPois} (You
                  | bought it in a shop on level 2 of the Orcish Mines)
 16140 | Lair:1   | Reached skill level 5 in Shields
 16263 | Lair:1   | Reached skill level 10 in Armour
 17254 | Lair:2   | Gained mutation: You have claws for hands. [demonic
                  | ancestry]
 17254 | Lair:2   | Reached XP level 14. HP: 93/106 MP: 23/23
 17616 | Lair:2   | Noticed Nergalle
 17625 | Lair:2   | Killed Nergalle
 17626 | Lair:2   | Reached skill level 15 in Axes
 17640 | Lair:2   | Reached ****** piety under Qazlal
 17675 | Lair:2   | Found a staircase to the Shoals.
 18542 | Lair:3   | Found a staircase to the Snake Pit.
 18584 | Lair:3   | Found a dark tunnel.
 18610 | Volcano  | Entered a volcano
 18755 | Volcano  | Found a burning altar of Makhleb.
 19314 | Lair:4   | Found a runed translucent door.
 19314 | Lair:4   | Found a viscous altar of Jiyva.
 19315 | Lair:4   | Found a staircase to the Slime Pits.
 19886 | Lair:5   | Entered Level 5 of the Lair of Beasts
 19895 | Lair:4   | Reached skill level 10 in Evocations
 20345 | Lair:5   | Reached skill level 16 in Axes
 20574 | Lair:5   | Identified the +7 dagger "Pywus" {vorpal, *Rage Dex+6}
 22310 | Lair:5   | Gained mutation: Your magical and physical power is
                  | slightly enhanced at high health. [demonic ancestry]
 22310 | Lair:5   | Reached XP level 15. HP: 113/113 MP: 25/25
 22330 | Lair:5   | Got the Almanac of the Eight Things
 22858 | D:13     | Found a gate to the Vaults.
 23185 | D:14     | Noticed Eweu's ghost (adept DjFE)
 23189 | D:14     | Found a runed translucent door.
 23215 | D:14     | Reached skill level 17 in Axes
 23249 | D:14     | Found a broken altar of Ashenzari.
 23259 | D:14     | Found a frozen archway.
 23263 | IceCv    | Entered an ice cave
 23506 | IceCv    | Gained mutation: You are frail. (-10% HP) [a neqoxec]
 24231 | D:14     | Identified the +10 long sword of Bodily Harmony {drain, rF+
                  | rN+ Will- rCorr}
 24267 | D:14     | Found Qoaduvom's General Store.
 24336 | D:14     | Bought a scroll of magic mapping for 127 gold pieces
 24336 | D:14     | Bought a +4 ring of protection for 612 gold pieces
 25261 | D:14     | Killed Eweu's ghost
 25304 | D:15     | Entered Level 15 of the Dungeon
 25744 | D:15     | Noticed Louise
 25753 | Abyss:2  | Found a corrupted altar of Lugonu.
 25753 | Abyss:2  | Cast into level 2 of the Abyss (Louise)
 25796 | Abyss:2  | Gained mutation: You are very frail. (-20% HP) [a neqoxec]
 25817 | Abyss:2  | Noticed a tentacled starspawn
 25829 | Abyss:2  | Killed a tentacled starspawn
 25830 | Abyss:2  | Reached skill level 10 in Fighting
 25842 | Abyss:2  | Noticed a tentacled starspawn
 25850 | D:15     | Escaped the Abyss
 25863 | D:15     | Killed Louise
 26161 | D:15     | Found a staircase to the Depths.
 26775 | D:8      | Lost mutation: You are very frail. (-20% HP) [potion of
                  | mutation]
 26775 | D:8      | Lost mutation: You are partially covered in large bone
                  | plates. (SH +4) [potion of mutation]
 26775 | D:8      | Lost mutation: You are frail. (-10% HP) [potion of
                  | mutation]
 26775 | D:8      | Gained mutation: You are somewhat resistant to further
                  | mutation. [potion of mutation]
 26775 | D:8      | Gained mutation: You have large cloven feet. [potion of
                  | mutation]
 26873 | Snake:1  | Entered Level 1 of the Snake Pit
 26873 | Snake:1  | Found Xetiol's Magic Scroll Boutique.
 27037 | Snake:1  | Gained mutation: Your magical and physical power is
                  | enhanced at high health. [demonic ancestry]
 27037 | Snake:1  | Reached XP level 16. HP: 86/122 MP: 22/27
 27402 | Snake:1  | Bought a scroll of enchant armour for 105 gold pieces
 27402 | Snake:1  | Bought a scroll of enchant weapon for 105 gold pieces
 27402 | Snake:1  | Bought a scroll of blinking for 105 gold pieces
 27678 | Snake:1  | Found a runed translucent door.
 27679 | Snake:1  | Noticed Maeg's ghost (adept TrMo)
 27726 | Snake:1  | Killed Maeg's ghost
 28582 | Snake:2  | Reached skill level 18 in Axes
 28591 | Snake:2  | Noticed Aizul
 28631 | Snake:1  | Killed Aizul
 28632 | Snake:1  | Reached skill level 15 in Invocations
 29383 | Snake:2  | Noticed Donald
 29394 | Snake:1  | Killed Donald
 29680 | Snake:2  | Found Tififoen's Antique Weapon Boutique.
 29702 | Snake:2  | Found Wekkoc's Magic Scroll Boutique.
 29706 | Snake:2  | Found Focanug's Armour Shop.
 29706 | Snake:2  | Found Zamukkoo's Armour Boutique.
 29710 | Snake:2  | Found Wofith's Assorted Antiques.
 30179 | Snake:2  | You fall into a shaft and drop 1 floor!
 30905 | Snake:2  | Identified the +1 plate armour "Nuim" {rElec Will+ Stlth+}
 30984 | Snake:3  | Found Bukhiat's Mayhem Merchandise.
 31387 | Snake:3  | Gained mutation: Your magical and physical power is greatly
                  | enhanced at high health. [demonic ancestry]
 31387 | Snake:3  | Reached XP level 17. HP: 122/130 MP: 28/28
 31437 | Snake:4  | Entered Level 4 of the Snake Pit
 31522 | Snake:4  | Noticed Vashnia
 33225 | Snake:4  | Killed Vashnia
 33469 | Snake:4  | Found a sacrificial altar of Ru.
 33721 | Snake:4  | Reached skill level 19 in Axes
 34108 | Snake:4  | Got a serpentine rune of Zot
 34643 | Shoals:1 | Entered Level 1 of the Shoals
 34896 | Lair:2   | Upgraded the game from 0.30-a0-54-g2e61a25929 to
                  | 0.30-a0-55-g90e3122c3a
 35352 | Shoals:1 | Reached skill level 15 in Armour
 35758 | Shoals:1 | Noticed a kraken
 35766 | Shoals:1 | Killed a kraken
 36454 | Shoals:2 | HP: 2/132 [water nymph/the raging water (20)]
 37092 | Shoals:2 | Identified the +7 short sword of Yredelemnul {flame, *Slow
                  | rPois rF+ rN+}
 37190 | Shoals:2 | Gained mutation: You are mostly covered in sharp spines.
                  | [demonic ancestry]
 37190 | Shoals:2 | Reached XP level 18. HP: 112/139 MP: 30/30
 38993 | Shoals:4 | Entered Level 4 of the Shoals
 39173 | Shoals:4 | Noticed Mara
 39204 | Shoals:4 | Noticed jlumianski's illusion
 39453 | Shoals:4 | Identified the +5 dagger "Surchez" {freeze, Dex+2}
 39459 | Shoals:4 | Noticed jlumianski's illusion
 39469 | Shoals:4 | Killed Mara
 39855 | Shoals:4 | Identified the +8 rapier of Harmony {vorpal, rPois rF-
                  | Will- Int+8}
 39918 | Shoals:4 | Got a barnacled rune of Zot
 40501 | Vaults:1 | Entered Level 1 of the Vaults
 41107 | Vaults:1 | Reached skill level 20 in Axes
 41512 | Vaults:1 | Reached XP level 19. HP: 144/147 MP: 32/32
 43701 | Vaults:2 | Found a portal to a secret trove of treasure.
 44185 | Vaults:2 | Reached skill level 10 in Shields
 44403 | Vaults:2 | Identified the +6 falchion of Inconvenience {vorpal, rF+
                  | Int+5 Dex+5}
 45250 | Vaults:3 | Found Qumius's Distillery.
 45262 | Vaults:3 | Bought a potion of heal wounds for 95 gold pieces
 45856 | Vaults:2 | Reached skill level 21 in Axes
 46010 | Vaults:3 | Reached XP level 20. HP: 156/156 MP: 33/33
 46728 | Vaults:3 | Noticed a bone dragon
 46730 | Vaults:3 | Found a staircase to the Crypt.
 46738 | Vaults:3 | Killed a bone dragon
 47799 | Vaults:4 | Identified the -1 buckler of Leaves {rN+}
 47910 | Vaults:4 | Reached skill level 15 in Evocations
 48433 | Vaults:5 | Entered Level 5 of the Vaults
 48989 | Depths:1 | Entered Level 1 of the Depths
 48989 | Depths:1 | Noticed Asterion
 49377 | D:15     | HP: 5/140 [Asterion/+0 broad axe of draining (12)]
 49803 | D:15     | Killed Asterion
 50899 | Depths:1 | Found a runed translucent door.
 50901 | Depths:1 | Identified the ring of Xule {rCorr Int+4 Dex+4 Stlth+}
 50901 | Depths:1 | Noticed a golden dragon
 50935 | Depths:1 | Noticed a caustic shrike
 50943 | Depths:1 | Noticed a caustic shrike
 50949 | D:15     | Splashed by a caustic shrike's acid

Illustrated notes

Levels and vault maps discovered:
D:1:      dpeg_arrival_rhombi, layout_loops_ring, minmay_pentomino_z2
D:2:      layout_basic, hellmonk_ecumenical_altar_run_dry, grunt_ministairs_14,
          uniq_natasha, uniq_sigmund
D:3:      layout_basic, serial_rivers, chequers_serial_rivers_room_a,
          chequers_serial_rivers_micro_a, chequers_serial_rivers_micro_c,
          chequers_serial_rivers_micro_d
D:4:      layout_gridville, marbit_many_paths, minmay_temple_entry_tees,
          hangedman_decor_peaks_small
D:5:      kennysheep_kobold_camp, layout_basic, grunt_temple_overflow_open,
          guppyfry_early_lair_pool, uniq_ijyb, uniq_edmund
D:6:      layout_rooms, uniq_prince_ribbit1, uniq_pikel, uniq_maggie
D:7:      layout_cave_pools, ashenzari_conservatory_becter,
          gammafunk_temple_overflow_statue, enter_bailey_3, serial_shops,
          kennysheep_little_box, nicolae_shop_advertising_works
          [nicolae_subvault_shop_adworks], nicolae_shop_hallway_stairs,
          grunt_ogre_cave
D:8:      layout_rooms, mainiacjoe_overflow_boulevard,
          due_lair_maze_entry_diamond, serial_corexii_hall,
          chequers_hall_statues_y, corexii_hall_statues_u, minmay_manual_mess
D:9:      layout_loops_ring, erik_orc_1, serial_ice, serial_ice_d, serial_ice_o,
          serial_ice_e, serial_ice_b, serial_ice_g, serial_ice_h, serial_ice_a,
          serial_ice_n, serial_shops, nicolae_stop_n_shop_1, grunt_tough_drop,
          uniq_erolcha
D:10:     layout_irregular_city
D:11:     layout_cave_pods, minmay_door_square, vehumet_statue
D:12:     layout_roguey, evilmike_minifort
D:13:     layout_gridville, david_vaults_4
D:14:     layout_small_grid, lemuel_crystal_altar,
          hellmonk_ghost_happy_afterlife, portal_ice_cave_entry_pillars_four,
          kennysheep_windowed_goal
D:15:     gammafunk_depths_entry_grave, layout_cave_pods,
          minmay_misc_feat_square, hex_large, uniq_louise
Temple:   nicolae_temple_ecumenical_triangle
Lair:1:   layout_roguey, serial_rivers, chequers_serial_rivers_small_3,
          chequers_serial_rivers_room_b, chequers_serial_rivers_room_a,
          chequers_serial_rivers_small_3, chequers_serial_rivers_marsh,
          chequers_serial_rivers_small_b, nicolae_lair_lil_pond
Lair:2:   dpeg_oklob_gauntlet, layout_cave_pods, minmay_shoals_entry_hut,
          serial_bayou_pond_c, lemuel_fruit_fields, grunt_megastairs_1,
          lemuel_fruit_fields, uniq_nergalle
Lair:3:   layout_misc_corridors, minmay_snake_entry_guardpost_small,
          nicolae_volcano_entry_lava_flow, kennysheep_basilisk_garden,
          lemuel_fruit_tree
Lair:4:   layout_cellular_growth, slime_entry_2
Lair:5:   due_jungle_book, layout_long_grid, grunt_megastairs_3
Shoals:1: layout_shoals, nicolae_shoals_flooded_hall
Shoals:2: layout_shoals
Shoals:3: nicolae_shoals_island_circles, layout_shoals,
          nicolae_shoals_this_corrosion
Shoals:4: shoals_end_grunt_ice, layout_shoals, yaktaur_hedge, uniq_mara
Snake:1:  layout_chambers, serial_shops, nicolae_shop_trees,
          ebering_ghost_inner_flame, grunt_megastairs_2
Snake:2:  nicolae_snake_attic_fulla_snakes, layout_basic, serial_shops, shop,
          nicolae_snake_ghostly_warrior_ritual, minmay_shoptagon, uniq_aizul,
          uniq_donald
Snake:3:  layout_gridlike, serial_bayou_pond_a, st_stairs_4, minmay_shop_mayhem
Snake:4:  minmay_snake_end_coiled, layout_cave_town, basic_altar,
          hangedman_snake_pattern, uniq_vashnia
Orc:1:    layout_caves, serial_shops, kennysheep_orc_chapel
Orc:2:    grunt_orc_community_town_hall, layout_caves,
          grunt_orc_community_big_house_1, grunt_orc_community_big_house_2,
          grunt_orc_community_house_3, grunt_orc_community_house_3,
          grunt_orc_community_house_1, grunt_orc_community_house_1, basic_altar,
          nicolae_orc_tapped_out
Vaults:1: nicolae_vaults_bisected_inception, v_pattern_5,
          nicolae_vaults_twisting_passages, v_misc_11, nicolae_vaults_asterisk,
          v_misc_24, nicolae_vaults_network_square, nicolae_vaults_theta,
          nicolae_vaults_little_squares_1, ontoclasm_vaults_loading_screen,
          layout_vaults_big_room
Vaults:2: nicolae_vaults_network_s, vaults_standard_mumra_x,
          ontoclasm_vaults_decontamination, v_misc_13, hangedman_vaults_snaps,
          ontoclasm_vaults_ring_small, vaults_dpeg_diagonal,
          nicolae_vaults_little_squares_3, nicolae_vaults_three_branches,
          nicolae_vaults_theta, layout_vaults_omnigrid,
          nicolae_trove_entry_crossroad
Vaults:3: nicolae_vaults_shelves_hall, hangedman_vaults_slither,
          vaults_room_pool, vaults_room_boxed, v_misc_5,
          minmay_crypt_entry_nasty_monster, nicolae_vaults_circle_grid_b,
          v_rooms_4, v_misc_27, ontoclasm_vaults_gallery, ontoclasm_vaults_chip,
          vaults_dpeg_hooks, vaults_dpeg_emergency_exit, vaults_dpeg_ring,
          layout_vaults_omnibox, serial_shops, shop
Vaults:4: v_misc_24, v_misc_30, nicolae_vaults_display_case, v_rooms_6,
          vaults_mumra_minichess, v_misc_19, v_misc_16, grunt_vaults_bifocal,
          ontoclasm_vaults_chip, v_misc_10, v_misc_30,
          ontoclasm_vaults_ring_small, ontoclasm_vaults_ring_small,
          layout_vaults_maze_snakey
Vaults:5: uniq_saint_roka, uniq_mennas, uniq_margery
Depths:1: grunt_bent_corner, layout_cave_pools, lightli_too_deep,
          pdpol_wu_jian_five_deadly_venoms, chequers_serial_rivers_micro_a,
          minmay_st_funbox, tgw_sif, serial_bayou_shore_a, uniq_asterion

Skill      XL: |  1  2  3  4  5  6  7  8  9 10 11 12 13 14 15 16 17 18 19 20 |
---------------+-------------------------------------------------------------+-----
Axes           | 3 4 5 6 7 8 10 11 12 14 16 17 18 19 20 21 | 21.7
Dodging        | 3 4 |  4.9
Armour         | 1 2 3 5 6 7 8 10 11 13 14 15 16 | 16.7
Stealth        | 2 3 |  3.4
Throwing       | 2 3 |  3.5
Fighting       | 3 4 5 6 7 8 9 10 11 12 13 | 13.9
Invocations    | 3 5 7 8 10 12 13 14 15 16 18 19 | 19.7
Evocations     | 3 4 5 6 8 9 10 11 12 13 14 15 | 15.3
Shields        | 1 3 4 5 6 7 8 9 10 | 10.8

Action                   |  1- 3 |  4- 6 |  7- 9 | 10-12 | 13-15 | 16-18 | 19-21 || total
-------------------------+-------+-------+-------+-------+-------+-------+-------++-------
Melee: War axe           |    64 |    98 |   332 |       |       |       |       ||   494
       Punch             |       |       |     4 |       |       |       |       ||     4
       Broad axe         |       |       |    42 |    50 |    16 |       |       ||   108
       Executioner's axe |       |       |       |   350 |   908 |  1038 |   717 ||  3013
       Short sword       |       |       |       |     2 |       |       |       ||     2
Throw: Throwing net      |     1 |       |       |     1 |       |       |       ||     2
       Dart              |       |     3 |     5 |    19 |       |       |       ||    27
       Javelin           |       |       |       |     2 |       |       |       ||     2
       Boomerang         |       |       |       |       |    14 |    48 |     1 ||    63
Invok: Upheaval          |       |       |     1 |     7 |     5 |     7 |     1 ||    21
       Elemental Force   |       |       |       |     2 |     7 |     8 |     7 ||    24
Evoke: Wand              |       |       |     5 |    10 |     3 |     2 |       ||    20
       Phantom mirror    |       |       |       |       |       |     1 |     1 ||     2
       Box of beasts     |       |       |       |       |       |       |     1 ||     1
       Tin of tremorston |       |       |       |       |       |       |     1 ||     1
  Use: Scroll            |       |    10 |     7 |     7 |     7 |     3 |     3 ||    37
       Potion            |       |     1 |     4 |     5 |     3 |     9 |     2 ||    24
 Stab: Sleeping          |     4 |    13 |       |       |       |       |       ||    17
       Held in net/web   |     2 |       |       |       |       |       |       ||     2
       Confused          |       |       |       |     2 |       |       |       ||     2
       Petrified         |       |       |       |       |     8 |       |       ||     8
       Paralysed         |       |       |       |       |     1 |     1 |     1 ||     3
       Distracted        |       |       |       |       |       |       |     2 ||     2
Armor: Leather armour    |    32 |    36 |       |       |       |       |       ||    68
       Chain mail        |       |    22 |    71 |       |       |       |       ||    93
       Plate armour      |       |       |   175 |   227 |   454 |   663 |   505 ||  2024
Dodge: Dodged            |    33 |    69 |   145 |   154 |   326 |   426 |   293 ||  1446
       Repelled          |       |       |       |     4 |    11 |    43 |    11 ||    69
Block: Other             |       |       |    27 |   221 |   912 |   707 |   531 ||  2398
       Reflection        |       |       |       |       |    31 |   118 |    35 ||   184

Table legend: (Time is in decaauts)
 A = Elapsed time spent in this place.
 B = Non-inter-level travel time spent in this place.
 C = Inter-level travel time spent in this place.
 D = Time resting spent in this place.
 E = Time spent auto-exploring this place.
 F = Levels seen in this place.
 G = Mean time per level.
                   A        B        C        D        E       F      G
               +--------+--------+--------+--------+--------+-----+--------+
         Total |  51938 |  49492 |   2446 |   9338 |  20602 |  41 | 1266.8 |
       Dungeon |  18266 |  16941 |   1325 |   2677 |   8289 |  15 | 1217.7 |
        Temple |     55 |     55 |      0 |      0 |      0 |   1 |   55.0 |
          Lair |   7429 |   6983 |    446 |   1449 |   2822 |   5 | 1485.8 |
        Shoals |   5546 |   5474 |     72 |    856 |   1685 |   4 | 1386.5 |
     Snake Pit |   7616 |   7371 |    245 |   2189 |   2852 |   4 | 1904.0 |
  Orcish Mines |   2355 |   2275 |     80 |    237 |    723 |   2 | 1177.5 |
        Vaults |   7871 |   7597 |    274 |   1333 |   3880 |   5 | 1574.2 |
        Depths |    614 |    614 |      0 |      0 |    319 |   1 |  614.0 |
         Abyss |     97 |     97 |      0 |      0 |      0 |   1 |   97.0 |
        Bailey |   1139 |   1139 |      0 |    304 |      0 |   1 | 1139.0 |
      Ice Cave |    668 |    668 |      0 |    292 |      0 |   1 |  668.0 |
       Volcano |    277 |    277 |      0 |      0 |     29 |   1 |  277.0 |
               +--------+--------+--------+--------+--------+-----+--------+

Top non-repeatable levels by time:
Vaults:2: 2595 daAuts
 Snake:1: 2477 daAuts
 Snake:3: 2460 daAuts
Vaults:1: 2230 daAuts
  Lair:5: 1998 daAuts
  Lair:2: 1940 daAuts
Vaults:3: 1936 daAuts
    D:15: 1773 daAuts
     D:5: 1601 daAuts
Shoals:1: 1537 daAuts
    D:14: 1531 daAuts
    D:13: 1525 daAuts
    D:12: 1498 daAuts
  Lair:4: 1465 daAuts
Shoals:3: 1445 daAuts
